 Dungeon Crawl Stone Soup version 0.28-a0-664-gc179e30c89 (webtiles) character file.

Game seed: 16860751281761775140

227803 shoop the Warrior (level 19, -7/143 HPs)
             Began as a Djinni Hedge Wizard on Oct 10, 2021.
             Was a High Priest of Lugonu.
             Mangled by a caustic shrike (9 damage)
             ... on level 15 of the Dungeon on Oct 17, 2021.
             The game lasted 03:38:55 (34823 turns).

shoop the Warrior (Djinni Hedge Wizard)            Turns: 34823, Time: 03:38:57

Health: -7/143     AC: 10    Str: 12    XL:     19   Next: 66%
Gold:   2014       EV: 17    Int: 27    God:    Lugonu [*****.] SH: 16 Dex: 20

rFire   + + +      SeeInvis +   g - +9 demon whip (distort)
rCold   + . .      Faith    .   k - +5 kite shield of Nonkileose {rF+ Str+3 Int-2 Slay+2}
rNeg    . . .      Spirit   .   d - +3 leather armour {rC+}
rPois   ∞          Reflect  .   j - +0 helmet
rElec   .          Harm     .   f - scarf {shadows}
rCorr   +          Rampage  .   l - +2 pair of gloves "Wutum" {Contam rPois rC+ rCorr}
Will    +....                   (boots unavailable)
Stlth   +++.......              N - amulet of regeneration
HPRegen 1.33/turn               X - ring "Nozad" {rF+ Int+6 Dex+6}
MPRegen 0.00/turn               U - ring of see invisible

@: flying
A: sickness immunity, fire resistance 2, cold vulnerability 1, float, innate
caster, hp casting, extra vitality 1
}: 2/15 runes: decaying, gossamer
a: Renounce Religion, Depart the Abyss, Bend Space, Banish, Corrupt, Enter the
Abyss


You were on level 15 of the Dungeon.
You worshipped Lugonu.
Lugonu was extremely pleased with you.
You visited 6 branches of the dungeon, and saw 32 of its levels.
You visited the Abyss 1 time.
You also visited: Ossuary and Gauntlet.

You collected 2609 gold pieces.
You spent 595 gold pieces at shops.

Inventory:

Hand Weapons
 g - a +9 demon whip of distortion (weapon)
Missiles
 Z - 13 javelins
Armour
 b - the +2 cloak of the Sun {Harm Drain Slay+3}
   (You found it in a Gauntlet)

   Slay:      It affects your accuracy & damage with ranged weapons and melee
   (+3).
   Drain:     It drains your maximum health when unequipped.
   Harm:      It increases damage dealt and taken.
 d - a +3 leather armour of cold resistance (worn)
 f - a scarf of shadows (worn)
 j - a +0 helmet (worn)
 k - the +5 kite shield of Nonkileose (worn) {rF+ Str+3 Int-2 Slay+2}
   (You found it on level 2 of the Swamp)

   Str:       It affects your strength (+3).
   Int:       It affects your intelligence (-2).
   Slay:      It affects your accuracy & damage with ranged weapons and melee
   (+2).
   rF:        It protects you from fire.
 l - the +2 pair of gloves "Wutum" (worn) {Contam rPois rC+ rCorr}
   (You found it in a Gauntlet)

   rC:        It protects you from cold.
   rPois:     It protects you from poison.
   Contam:    It causes magical contamination when unequipped.
   rCorr:     It protects you from acid and corrosion.
Jewellery
 a - the amulet of Bioxzasch {Reflect rF+ rC+ Int+3 SH+5}
   (You took it off a spriggan druid on level 3 of the Swamp)

   [amulet of reflection]

   It reflects blocked missile attacks.
   Int:       It affects your intelligence (+3).
   rF:        It protects you from fire.
   rC:        It protects you from cold.
   SH:        It affects your SH (+5).
 q - a +4 ring of protection
 B - a +6 ring of strength
 G - a ring of resist corrosion
 I - a ring of willpower
 N - an amulet of regeneration (around neck)
 Q - the ring "Dukedem" {Contam rElec rF+ rC+}
   (You found it on level 8 of the Dungeon)

   [ring of protection from fire]

   rF:        It protects you from fire.
   rC:        It protects you from cold.
   rElec:     It insulates you from electricity.
   Contam:    It causes magical contamination when unequipped.
 T - an amulet of the acrobat
 U - a ring of see invisible (right hand)
 V - the ring of Luclept {rC- Will+ EV+4 Int+3}
   (You found it in a Gauntlet)

   [ring of evasion]

   EV:        It affects your evasion (+4).
   Int:       It affects your intelligence (+3).
   rC:        It makes you vulnerable to cold.
   Will:      It increases your willpower.
 X - the ring "Nozad" (left hand) {rF+ Int+6 Dex+6}
   (You found it in a Gauntlet)

   [ring of intelligence]

   Int:       It affects your intelligence (+6).
   Dex:       It affects your dexterity (+6).
   rF:        It protects you from fire.
Wands
 m - a wand of digging (13)
 p - a wand of mindburst (28)
 x - a wand of iceblast (24)
 C - a wand of acid (16)
 J - a wand of paralysis (11)
Scrolls
 c - 3 scrolls of holy word
 e - 3 scrolls of silence
 o - a scroll of acquirement
 s - a scroll of magic mapping
 t - a scroll of vulnerability
 w - 6 scrolls of enchant armour
 y - a scroll of enchant weapon
 z - a scroll of blinking
 A - 5 scrolls of teleportation
 L - 2 scrolls of fog
 M - a scroll of immolation
 P - a scroll of summoning
 S - 4 scrolls of fear
 Y - 2 scrolls of torment
Potions
 h - 4 potions of heal wounds
 n - 2 potions of haste
 r - a potion of magic
 u - 11 potions of curing
 v - 7 potions of mutation
 D - 5 potions of might
 E - 2 potions of invisibility
 F - 2 potions of berserk rage
 H - 6 potions of lignification
 K - 5 potions of brilliance
 R - 3 potions of cancellation
 W - 2 potions of ambrosia
Miscellaneous
 i - a lightning rod (4/4)
 O - a tin of tremorstones (2/2)


   Skills:
 - Level 15.5 Fighting
 * Level 11.5 Maces & Flails
 - Level 1.0 Throwing
 - Level 2.0 Armour
 - Level 10.0 Dodging
 - Level 6.5 Stealth
 - Level 7.4 Shields
 - Level 15.2 Spellcasting
 - Level 13.1 Invocations
 - Level 6.0 Evocations


You couldn't memorise any spells.
You knew the following spells:

 Your Spells              Type           Power      Damage    Failure   Level
a - Shock                 Conj/Air       100%       1d9       0%          1
b - Blink                 Tloc           N/A        N/A       1%          2
c - Call Imp              Summ           80%        N/A       1%          2
d - Slow                  Hex            80%        N/A       1%          2
e - Conjure Flame         Conj/Fire      80%        6-21      1%          3
f - Mephitic Cloud        Conj/Pois/Air  80%        N/A       1%          3
g - Magic Dart            Conj           100%       1d8       0%          1
h - Wereblood             Tmut           80%        N/A       1%          2
i - Static Discharge      Conj/Air       80%        N/A       1%          2
j - Iskenderun's Mystic   Conj/Tloc      80%        2d16      1%          4
k - Flame Wave            Conj/Fire      80%        3d14      1%          4
l - Borgnjor's Vile Clut  Necr/Erth      40%        N/A       1%          5
m - Summon Cactus Giant   Summ           40%        N/A       2%          6
n - Dragon Form           Tmut           40%        N/A       14%         7
o - Dispersal             Tloc           40%        N/A       2%          6
Your spell library was empty.

Dungeon Overview and Level Annotations

Branches:
Dungeon (15/15)            Temple (0/1) D:7            Lair (6/6) D:8
  Swamp (4/4) Lair:4       Spider (4/4) Lair:2        Slime (0/5) Lair:6
    Orc (2/2) D:10            Elf (0/3) Orc:2        Vaults (0/5) D:13
 Depths (1/4) D:15        Ossuary (visited)         Gauntlet (visited)

Altars:
Ashenzari
Cheibriados
Gozag
Kikubaaqudgha
Nemelex Xobeh
Okawaru
Sif Muna
Uskayaw
Vehumet
Zin
The Shining One
Beogh
Lugonu

Shops:
D:6 !   D:12 ?   D:13 *   Orc:2 (=?!

Portals:
Abyss: D:5

Annotations:
D:3 exclusion: door
D:5 willcat's ghost, weakling HuDe
D:13 corrupted
D:14 Roxanne
Lair:3 Rupert
Lair:4 exclusion: oklob plant
Swamp:2 1 exclusion
Spider:2 exclusion: downstairs
Spider:4 corrupted
Depths:1 corrupted


Innate Abilities, Weirdness & Mutations

You are immune to sickness and miasma.
You are immune to poison.
Your flesh is very heat resistant. (rF++)
You are vulnerable to cold. (rC-)
You float through the air rather than walking.
You learn spells naturally, not from books.
Your magical power is your life essence.
You have superior vitality. (+4 HP)


Message History

Something shocks the spatial maelstrom.
The spatial maelstrom resists.
The caustic shrike claws you!
You are splashed with acid.
You resist.
A brown ugly thing comes into view.
The deep troll shaman closely misses you.
You block the deep troll shaman's attack.
The deep troll shaman claws you!
The rakshasa blinks!
The caustic shrike claws you!
You are splashed with acid.
You resist.
The vampire mage mumbles some strange words.
The red ugly thing pecks you!
You are engulfed in flames.
You resist.
The rakshasa weaves an illusion.
You block the deep troll shaman's attack.
The deep troll shaman barely misses you. x2
The brown ugly thing moves out of view.
The brown ugly thing gurgles horribly!
You hear a horrible gurgling sound!
There is a staircase back to the Dungeon here.
You hear a horrible gurgling sound!
You hear a loud rustle.
You hear a shout!
The caustic shrike closely misses you. The caustic shrike barely misses you.
The cyan ugly thing punches you! The cyan ugly thing shocks you!
The red ugly thing barely misses you.
The rakshasa weaves an illusion.
The fire giant shimmers and seems to become two!
The deep troll shaman bites you but does no damage.
The deep troll shaman misses you.
The deep troll shaman closely misses you.
You fly upwards.
Welcome back to the Dungeon!
There is a staircase to the Depths here.
Unknown command.
The caustic shrike claws you!!
* * * LOW HITPOINT WARNING * * *
You are splashed with acid.
You resist.
* * * LOW HITPOINT WARNING * * *
The red ugly thing basks in the mutagenic energy from its kin and changes!
Unknown command.
The caustic shrike claws you!!
* * * LOW HITPOINT WARNING * * *
You are splashed with acid.
You resist.
* * * LOW HITPOINT WARNING * * *
The cyan ugly thing basks in the mutagenic energy from its kin and changes!
The caustic shrike claws you!
You die...

....#################.#####
#.<. ##### #..........##.#
#### ..# #.########.##.# #
#.# #.# #.##.# # #.#
#.########.##.### # #.#
#...............# #
#.#######.########.##.#.# #
.......##.###########.#.# #
..####.##.#.'.Cb@.###.#.## #
..# #.##.#.#.Tu#.##.....# #
..#
#.##.#.#..u#.###.#..########
..#
#.##.#.##(##.#..............
<.#
#.##.#.≈...≈.#####..########
..# #.##.#.≈...≈.######.#
..# #.##.#.≈.≈.≈.#..# #.#
..####.##.#.#[#.#[##.# #.#
..##......#≈..#..≈##.# #.#


You could see a caustic shrike, 2 ugly things, an ettin and a deep troll shaman.

Vanquished Creatures
  A thorn hunter (Swamp:3)
  Donald (Orc:2)
  3 ghost moths
  3 emperor scorpions
  3 ghouls
  2 stone giants
  An entropy weaver (Spider:1)
  4 bunyips
  9 eleionomae
  3 spark wasps (Spider:1)
  A fire dragon (Swamp:4)
  A shambling mangrove (Swamp:4)
  9 hydras
  2 boulder beetles
  A ghost crab (Swamp:4)
  3 ogre magi (Orc:2)
  A hell beast (Gauntlet)
  4 two-headed ogres
  3 alligators
  A tengu warrior (D:15)
  A death scarab (Spider:4)
  A centaur warrior (D:13)
  9 death yaks
  A sun demon (Abyss:1)
  Nergalle (Orc:1)
  A fire crab (Gauntlet)
  2 wretched stars
  5 skeletal warriors
  3 goliath frogs
  A glowing orange brain (D:13)
  2 wizards
  2 bog bodies
  5 spriggan druids
  4 deep elf pyromancers
  A lindwurm (Swamp:4)
  Pikel (D:7)
  9 orc sorcerers
  A spectral wolf spider (Spider:4)
  5 swamp dragons
  10 orb spiders
  3 cyclopes
  13 wolf spiders
  A manticore (D:11)
  9 ugly things
  6 elephants
  A will-o-the-wisp (Abyss:1)
  Joseph (D:10)
  5 black mambas
  2 water nymphs (Swamp:1)
  14 cane toads
  3 torpor snails
  A spriggan skeleton (Abyss:2)
  An unseen horror (D:10)
  7 komodo dragons
  9 demonic crawlers
  An ancient zyme (Abyss:1)
  8 polar bears
  14 jumping spiders
  3 trolls
  2 tyrant leeches
  10 blink frogs
  A jumping spider zombie (Spider:4)
  9 hornets
  Prince Ribbit (D:6)
  A tarantella zombie (Spider:4)
  2 dream sheep (Lair:6)
  4 slime creatures
  Sigmund (D:5)
  A ynoxinul (Abyss:2)
  16 tarantellas
  34 redbacks
  9 spriggans
  3 fire bats (Gauntlet)
  3 basilisks
  3 wyverns
  Grum (D:7)
  2 steam dragons
  30 yaks
  10 vampire mosquitoes
  10 swamp worms
  4 wargs
  Duvessa (D:6)
  7 water moccasins
  A hell hound (Gauntlet)
  13 orc warriors
  4 swamp drakes
  4 ice beasts
  11 ogres
  A black bear (D:6)
  A tengu (D:6)
  4 boggarts (Lair:6)
  3 large abominations
  21 wolves
  4 centaurs
  A phantom (D:5)
  2 kobold brigands
  A wyvern zombie (D:8)
  13 bullfrogs
  2 gnoll sergeants
  Dowan (D:6)
  A small abomination (Abyss:1)
  A hornet simulacrum (Gauntlet)
  10 wights
  9 killer bees
  5 howler monkeys
  3 centaur zombies
  6 starcursed masses (Abyss:2)
  A quasit (Abyss:1)
  7 hounds
  4 jellies
  13 orc priests
  Crazy Yiuf (D:6)
  A gnoll shaman (D:6)
  2 iron imps (D:5)
  Ijyb (D:5)
  3 human zombies (Ossuary)
  An iguana (D:5)
  36 orc wizards
  2 yak simulacra (Lair:6)
  2 polar bear simulacra (Lair:6)
  A wolf simulacrum (Lair:6)
  A killer bee zombie (Abyss:1)
  2 hound zombies (Ossuary)
  2 howler monkey zombies (D:6)
  4 mummies
  Robin (D:2)
  17 gnolls
  2 adders
  A white imp (D:7)
  6 adder zombies (Ossuary)
  An adder skeleton (D:4)
  3 dart slugs
  56 orcs
  4 ball pythons
  5 bats
  9 endoplasms
  5 giant cockroaches
  7 hobgoblins
  21 kobolds
  5 quokkas
  16 goblins
  5 hobgoblin zombies (Ossuary)
  4 jackal zombies (Ossuary)
  2 kobold zombies (Ossuary)
  3 orc zombies (Ossuary)
  4 quokka zombies (Ossuary)
  3 rats
  6 rat zombies (Ossuary)
  3 river rat simulacra (Lair:6)
783 creatures vanquished.

Vanquished Creatures (collateral kills)
  Arachne (Spider:4)
  A fenstrider witch (Swamp:1)
  3 ghost moths (Spider:4)
  2 emperor scorpions (Spider:4)
  2 very ugly things (Abyss:1)
  A spark wasp (Spider:3)
  2 bunyips
  Snorg (D:13)
  2 eleionomae
  A shambling mangrove (Swamp:3)
  17 hydras
  An ogre mage (D:15)
  2 boulder beetles
  2 two-headed ogres
  6 tengu warriors
  Urug (D:12)
  4 skeletal warriors
  3 starcursed masses (Abyss:2)
  2 goliath frogs
  6 swamp dragons
  4 spectral wolf spiders (Spider:4)
  A wolf spider zombie (Spider:4)
  A lindwurm (Lair:6)
  11 ugly things
  A necromancer (Lair:6)
  A manticore (D:15)
  8 wolf spiders
  A moth of wrath (Spider:4)
  A cyclops (D:15)
  6 elephants (Lair:6)
  A torpor snail (Spider:1)
  4 demonic crawlers
  An unseen horror (D:12)
  A spectral redback (Spider:4)
  A komodo dragon (Lair:6)
  An ancient zyme (Abyss:2)
  3 polar bears (Lair:6)
  6 jumping spiders
  7 tyrant leeches
  12 slime creatures
  A spectral jumping spider (Spider:4)
  6 hornets
  A dream sheep (Lair:6)
  A blink frog (Lair:6)
  A centaur simulacrum (D:15)
  12 redbacks
  12 spriggans
  9 tarantellas
  6 yaks (Lair:6)
  A chaos spawn (Gauntlet)
  10 vampire mosquitoes
  2 swamp worms
  A water moccasin (Lair:6)
  2 spectral hornets (Spider:4)
  A hell hound (Gauntlet)
  A swamp drake (Swamp:4)
  A black bear (Lair:6)
  A small abomination (Abyss:1)
  14 wolves (Lair:6)
  2 howler monkeys (D:12)
  A quasit (Abyss:2)
  A polar bear simulacrum (Lair:6)
  A yak simulacrum (Lair:6)
  A wolf simulacrum (Lair:6)
221 creatures vanquished.

Vanquished Creatures (others)
  A minotaur (Gauntlet)
  A green death (Gauntlet)
  A hydra (D:13)
  4 vault guards (D:13)
  5 death scarabs (Spider:4)
  A tengu warrior (D:13)
  A deep troll shaman (Depths:1)
  A wolf spider zombie (Spider:4)
  2 spectral wolf spiders (Spider:4)
  2 ugly things
  2 cyclopes (D:13)
  4 spectral redbacks (Spider:4)
  A tengu conjurer (Depths:1)
  A troll (D:13)
  3 bloated husks
  2 spectral jumping spiders (Spider:4)
  A spectral tarantella (Spider:4)
  2 slime creatures (D:13)
  A fire bat (Gauntlet)
  A swamp worm (Swamp:2)
  2 hell hounds (Gauntlet)
  A briar patch (Swamp:4)
  3 demonic plants (Gauntlet)
  16 foxfires
  33 fungi
  37 plants
  6 starspawn tentacles
  8 toadstools (D:3)
  A withered plant (Gauntlet)
144 creatures vanquished.

Grand Total: 1148 creatures vanquished

Notes
Turn   | Place    | Note
-------+----------+-------------------------------------------
     0 | D:1      | shoop the Djinni Hedge Wizard began the quest for the Orb.
     0 | D:1      | Reached XP level 1. HP: 15/15 MP: 0/0
    66 | D:1      | Found a faded altar of an unknown god.
    74 | D:1      | Prayed at the altar of an unknown god.
    74 | D:1      | Became a worshipper of Lugonu the Unformed
    74 | D:1      | Reached * piety under Lugonu
    74 | D:1      | Reached ** piety under Lugonu
   564 | D:1      | Reached XP level 2. HP: 19/21 MP: 0/0
  1209 | D:2      | Found a hide-covered altar of Uskayaw.
  1219 | D:2      | Noticed Robin
  1256 | D:2      | Reached XP level 3. HP: 20/25 MP: 0/0
  1256 | D:2      | Learned a level 1 spell: Shock
  1369 | D:2      | Killed Robin
  1926 | D:2      | Reached XP level 4. HP: 27/31 MP: 0/0
  3286 | D:3      | Reached *** piety under Lugonu
  3613 | D:3      | Reached XP level 5. HP: 26/35 MP: 0/0
  3613 | D:3      | Learned a level 2 spell: Wereblood
  4054 | D:3      | Reached XP level 6. HP: 14/40 MP: 0/0
  4405 | D:3      | Found a glowing golden altar of the Shining One.
  4748 | D:4      | Noticed an ogre
  4768 | D:4      | Killed an ogre
  4769 | D:4      | Reached skill level 5 in Spellcasting
  5053 | D:4      | Found a hide-covered altar of Uskayaw.
  5546 | D:5      | Entered Level 5 of the Dungeon
  5557 | D:5      | Reached XP level 7. HP: 14/46 MP: 0/0
  5557 | D:5      | Learned a level 2 spell: Static Discharge
  6009 | D:5      | Reached skill level 1 in Invocations
  6046 | D:5      | Reached skill level 1 in Armour
  6057 | D:5      | Found a one-way gate to the infinite horrors of the Abyss.
  6057 | D:5      | Noticed willcat's ghost (weakling HuDe)
  6087 | D:5      | Noticed Ijyb
  6097 | D:5      | Found a transporter.
  6196 | D:5      | Found a sand-covered staircase.
  6213 | Ossuary  | Entered an ossuary
  6531 | Ossuary  | Reached **** piety under Lugonu
  6921 | Ossuary  | Reached XP level 8. HP: 38/51 MP: 0/0
  7093 | Ossuary  | Reached skill level 1 in Fighting
  7566 | D:5      | Killed Ijyb
  7707 | D:5      | Found a transporter.
  7887 | D:5      | Noticed Sigmund
  7896 | D:5      | Reached skill level 1 in Evocations
  8042 | D:5      | Killed Sigmund
  8307 | D:6      | Noticed Duvessa
  8333 | D:6      | Killed Duvessa
  8334 | D:6      | Reached XP level 9. HP: 24/58 MP: 0/0
  8334 | D:6      | Learned a level 4 spell: Iskenderun's Mystic Blast
  8725 | D:6      | Noticed Prince Ribbit
  9079 | D:6      | Found a broken altar of Ashenzari.
  9089 | D:6      | Noticed Dowan
  9111 | D:6      | Killed Dowan
  9422 | D:6      | Found a runed translucent door.
  9423 | D:6      | Noticed Crazy Yiuf
  9433 | D:6      | Killed Crazy Yiuf
  9743 | D:6      | Found Uczunkip's Distillery.
  9749 | D:6      | Bought a potion of invisibility for 112 gold pieces
  9749 | D:6      | Bought a potion of berserk rage for 70 gold pieces
  9749 | D:6      | Bought a potion of attraction for 42 gold pieces
  9749 | D:6      | Bought a potion of lignification for 42 gold pieces
  9749 | D:6      | Bought a potion of curing for 42 gold pieces
  9749 | D:6      | Bought a potion of degeneration for 14 gold pieces
  9839 | D:6      | Reached skill level 5 in Invocations
 10280 | D:6      | Reached skill level 1 in Maces & Flails
 10290 | D:6      | Killed Prince Ribbit
 10465 | D:7      | Noticed Pikel
 10542 | D:7      | Killed Pikel
 10543 | D:7      | Reached XP level 10. HP: 51/64 MP: 0/0
 10759 | D:7      | Reached skill level 5 in Maces & Flails
 10778 | D:7      | Reached skill level 1 in Shields
 11212 | D:7      | Reached ***** piety under Lugonu
 11264 | D:7      | Found an opulent altar of Gozag.
 11446 | D:7      | Found a staircase to the Ecumenical Temple.
 11498 | D:8      | Noticed an elephant
 11781 | D:8      | Found a staircase to the Lair.
 11873 | D:7      | Reached skill level 1 in Throwing
 12014 | D:8      | Noticed Grum
 12037 | D:7      | Killed Grum
 12382 | D:8      | Noticed a two-headed ogre
 12542 | D:8      | Killed an elephant
 12598 | D:8      | HP: 3/67 [centaur/arrow (9)]
 12780 | D:8      | Reached XP level 11. HP: 73/73 MP: 0/0
 12780 | D:8      | Learned a level 4 spell: Flame Wave
 12924 | D:8      | Identified the ring "Dukedem" {Contam rElec rF+ rC+}
 12990 | D:8      | Killed a two-headed ogre
 12998 | D:8      | Noticed a two-headed ogre
 13014 | D:8      | Killed a two-headed ogre
 13015 | D:8      | Reached skill level 5 in Fighting
 13485 | D:9      | Found a snail-covered altar of Cheibriados.
 13485 | D:9      | Found an iron altar of Okawaru.
 13485 | D:9      | Found a sparkling altar of Nemelex Xobeh.
 13487 | D:9      | Noticed a two-headed ogre
 13516 | D:9      | Killed a two-headed ogre
 13942 | D:10     | Entered Level 10 of the Dungeon
 13942 | D:10     | Noticed a deep elf pyromancer
 13953 | D:10     | Killed a deep elf pyromancer
 14009 | D:10     | Reached skill level 10 in Spellcasting
 14167 | D:10     | Noticed a deep elf pyromancer
 14333 | D:10     | Noticed Joseph
 14341 | D:10     | Killed Joseph
 14342 | D:10     | Reached skill level 5 in Dodging
 14556 | D:10     | Found a staircase to the Orcish Mines.
 14564 | D:10     | Killed a deep elf pyromancer
 14565 | D:10     | Reached XP level 12. HP: 76/81 MP: 0/0
 14605 | Orc:1    | Entered Level 1 of the Orcish Mines
 14768 | Orc:1    | Noticed Nergalle
 14840 | Orc:1    | Killed Nergalle
 14941 | Orc:2    | Entered Level 2 of the Orcish Mines
 15016 | Orc:2    | Noticed an ogre mage
 15025 | Orc:2    | Killed an ogre mage
 15282 | Orc:1    | Reached ****** piety under Lugonu
 15570 | Orc:2    | Found a staircase to the Elven Halls.
 15591 | Orc:2    | Noticed Donald
 15632 | Orc:2    | HP: 1/81 [Donald (4)]
 15635 | Orc:2    | Killed Donald
 16029 | Orc:2    | Found Oroili's Antique Weapon Shop.
 16127 | Orc:2    | Noticed an ogre mage
 16155 | Orc:2    | Killed an ogre mage
 16172 | Orc:2    | Paralysed by an orc sorcerer for 3 turns
 16271 | Orc:2    | Found Huthaos's Magic Scroll Boutique.
 16303 | Orc:2    | Noticed an ogre mage
 16311 | Orc:2    | Killed an ogre mage
 16312 | Orc:2    | Reached XP level 13. HP: 85/85 MP: 0/0
 16312 | Orc:2    | Learned a level 5 spell: Borgnjor's Vile Clutch
 16387 | Orc:2    | Found Opaown's Jewellery Boutique.
 16389 | Orc:2    | Found Plog's Distillery.
 16452 | Orc:2    | Bought a potion of cancellation for 120 gold pieces
 16467 | Orc:2    | Bought a scroll of blinking for 127 gold pieces
 17457 | D:12     | Found Deumack's Magic Scroll Shop.
 17534 | D:12     | Noticed Urug
 17534 | D:12     | Noticed a boulder beetle
 17535 | D:12     | Noticed a boulder beetle
 17636 | Lair:1   | Entered Level 1 of the Lair of Beasts
 17885 | Lair:2   | Identified the +0 plate armour of Terror {rF+ rN++}
 17947 | Lair:2   | Found a hole to the Spider Nest.
 18228 | Lair:3   | Noticed a four-headed hydra
 18290 | Lair:3   | You are sucked into a shaft and drop 2 floors!
 18472 | Lair:5   | Reached XP level 14. HP: 70/92 MP: 0/0
 18605 | Lair:4   | Reached skill level 10 in Invocations
 18869 | Lair:4   | Found a staircase to the Swamp.
 18940 | Lair:3   | Noticed Rupert
 21082 | Lair:6   | Entered Level 6 of the Lair of Beasts
 21097 | Lair:6   | Found a staircase to the Slime Pits.
 21132 | Lair:6   | Reached XP level 15. HP: 79/97 MP: 0/0
 21132 | Lair:6   | Learned a level 6 spell: Summon Cactus Giant
 21281 | Lair:6   | Found a gate leading to a gauntlet.
 21286 | Gauntlet | Entered a Gauntlet
 21286 | Gauntlet | Found a transporter.
 21286 | Gauntlet | Found a transporter.
 21288 | Gauntlet | Found a transporter.
 21289 | Gauntlet | Found a transporter.
 21291 | Gauntlet | Found a transporter.
 21310 | Gauntlet | Found a transporter.
 21312 | Gauntlet | Found a transporter.
 21354 | Gauntlet | Found a transporter.
 21354 | Gauntlet | Found a transporter.
 21356 | Gauntlet | Found a transporter.
 21369 | Gauntlet | Found a transporter.
 21384 | Gauntlet | Found a runed translucent gate.
 21385 | Gauntlet | Found a transporter.
 21385 | Gauntlet | Found a runed translucent gate.
 21386 | Gauntlet | Found a runed translucent gate.
 21409 | Gauntlet | Found a transporter.
 21413 | Gauntlet | Found a transporter.
 21554 | Gauntlet | Corrupted Gauntlet
 21554 | Gauntlet | Noticed a tentacled starspawn
 21611 | Gauntlet | Identified the ring of Luclept {rC- Will+ EV+4 Int+3}
 21613 | Gauntlet | Identified the -1 hat of the Volcano {Dex+4}
 21747 | Gauntlet | Identified the ring "Nozad" {rF+ Int+6 Dex+6}
 21776 | Gauntlet | Identified the +2 cloak of the Sun {Harm Drain Slay+3}
 22022 | Gauntlet | Identified the +2 pair of gloves "Wutum" {Contam rPois rC+
                  | rCorr}
 23735 | D:11     | Reached skill level 15 in Spellcasting
 23887 | D:12     | Killed Urug
 24171 | D:12     | Bought a scroll of identify for 26 gold pieces
 24262 | D:13     | Noticed Snorg
 24336 | D:13     | Reached XP level 16. HP: 106/111 MP: 0/0
 24479 | D:13     | Found a gate to the Vaults.
 24480 | D:13     | Corrupted D:13
 24480 | D:13     | Noticed a tentacled starspawn
 24636 | D:13     | Found Zin's Purification Station.
 24639 | D:13     | Found a glowing silver altar of Zin.
 24766 | D:12     | Reached skill level 10 in Dodging
 25125 | D:13     | Killed Snorg
 25344 | D:13     | Reached skill level 10 in Fighting
 25625 | D:14     | Found a hide-covered altar of Uskayaw.
 25752 | D:14     | Noticed Roxanne
 26075 | D:14     | Reached skill level 5 in Shields
 26299 | D:15     | Entered Level 15 of the Dungeon
 26321 | D:15     | Reached skill level 5 in Evocations
 27238 | D:15     | Found a staircase to the Depths.
 27474 | Lair:3   | Identified the +0 ring mail "Kudagats" {Slay+2}
 27498 | Swamp:1  | Entered Level 1 of the Swamp
 27713 | Swamp:2  | Reached XP level 17. HP: 96/121 MP: 0/0
 27713 | Swamp:2  | Learned a level 7 spell: Dragon Form
 28579 | Swamp:2  | Identified the +5 kite shield of Nonkileose {rF+ Str+3
                  | Int-2 Slay+2}
 28814 | Swamp:4  | Entered Level 4 of the Swamp
 28869 | Swamp:3  | Upgraded the game from 0.28-a0-643-g84cb2ea78e to
                  | 0.28-a0-664-gc179e30c89
 29019 | Swamp:3  | Noticed a thorn hunter
 29031 | Swamp:3  | Killed a thorn hunter
 29032 | Swamp:3  | Reached skill level 5 in Stealth
 29425 | Swamp:3  | Identified the amulet of Bioxzasch {Reflect rF+ rC+ Int+3
                  | SH+5}
 30442 | Swamp:4  | Reached XP level 18. HP: 91/136 MP: 0/0
 30613 | Swamp:4  | Reached skill level 15 in Fighting
 30818 | Swamp:4  | Got a decaying rune of Zot
 30959 | Spider:1 | Entered Level 1 of the Spider Nest
 31313 | Spider:2 | Identified 2 scrolls of acquirement
 31314 | Spider:2 | Acquired a +2 demon whip of venom
 31320 | Spider:2 | Identified a +4 demon whip of distortion (a +2 demon whip
                  | of venom corrupted by Lugonu)
 31320 | Spider:2 | Received a gift from Lugonu
 31761 | Spider:2 | Identified the +1 scale mail of Instinct {rN+}
 31781 | Spider:3 | Noticed Arachne
 31957 | Spider:4 | Entered Level 4 of the Spider Nest
 32452 | Spider:4 | Killed Arachne
 32563 | Spider:3 | Reached XP level 19. HP: 115/143 MP: 0/0
 32563 | Spider:3 | Learned a level 6 spell: Dispersal
 33551 | Spider:4 | Reached skill level 10 in Maces & Flails
 33764 | Spider:4 | Corrupted Spider:4
 33776 | Spider:4 | Noticed a bone dragon
 33956 | Spider:4 | Got a gossamer rune of Zot
 34267 | Depths:1 | Entered Level 1 of the Depths
 34268 | Depths:1 | Corrupted Depths:1
 34268 | Depths:1 | Noticed a titan
 34270 | Depths:1 | Noticed a bone dragon
 34271 | Depths:1 | Noticed a caustic shrike
 34272 | Depths:1 | Paralysed by a floating eye for 3 turns
 34819 | Depths:1 | Escaped the Abyss
 34820 | Depths:1 | Noticed a walking earthen tome
 34823 | D:15     | HP: 7/143 [caustic shrike (26)]
 34823 | D:15     | HP: 2/143 [acid (5)]
 34823 | D:15     | Mangled by a caustic shrike

Illustrated notes

Levels and vault maps discovered:
D:1:      dpeg_arrival_leaves_temple_mockup, layout_loops_ring,
          basic_ecumenical_altar, fountainhead
D:2:      layout_loops_corners, basic_altar, uniq_robin
D:3:      cheibrodos_fertilizer, layout_loops_ring,
          nicolae_tso_swordbearing_angel, chequers_serial_rivers_micro_b
D:4:      layout_basic, mainiacjoe_overflow_surrounded_room, solitary_fountain
D:5:      lemuel_ice_spiral_2, layout_rooms, gup_ossuary_entry_pyramid,
          gammafunk_ghost_abyssal_escape, cheibrodos_gnoll_hut, uniq_ijyb,
          uniq_sigmund
D:6:      layout_basic, nicolae_overflow_crystal_walls, serial_shops, shop,
          uniq_crazy_yiuf_cottage, uniq_duvessa, uniq_prince_ribbit1
D:7:      layout_loops_ring, nicolae_sif_muna_condensation,
          mainiacjoe_overflow_alcove_4, minmay_temple_entry_butterflies,
          uniq_pikel
D:8:      minmay_weird_star, layout_cave_pools, david_lair_generic, uniq_grum
D:9:      layout_long_grid, gammafunk_temple_overflow_claw, nrook_pool_corridor
D:10:     layout_cave_pools, david_orc_3, uniq_joseph
D:11:     layout_roguey
D:12:     layout_cross, serial_shops, nicolae_stop_n_shop_2, uniq_urug
D:13:     layout_stronghold, lightli_vaults_fourway_checkpoint, zin_purify,
          uniq_snorg
D:14:     layout_basic, nicolae_uskayaw_dance_hall, uniq_roxanne
D:15:     grunt_enter_depths_snipers, layout_loops_ring,
          chequers_decorated_corner, minmay_fractal_squares_5
Lair:1:   layout_layer_cave, serial_bayou_lake_a
Lair:2:   layout_roguey, nicolae_spider_entry_orb_guardian,
          nicolae_quartered_pool_super
Lair:3:   layout_roguey, portal_ice_cave_demonic_guard, grunt_megastairs_4,
          uniq_rupert
Lair:4:   layout_regular_city, skrybe_swamp_entry_bodies, minivault_11
Lair:5:   layout_hall_layers, hibernation_bobbens
Lair:6:   minmay_lair_end_enchanted_forest, layout_cave_pods,
          nicolae_slime_entry_slimehenge, gauntlet_entry_generic,
          eino_house_with_fridge
Swamp:1:  layout_basic_swamp, hangedman_swamp_ruin_wall, swamp_pool1,
          nicolae_swamp_nymph_family_reunion
Swamp:2:  layout_falls_marsh, ebering_ghost_xom, nicolae_swamp_big_swirl
Swamp:3:  layout_falls_marsh, evilmike_swamp_ruin_rubble_1, swamp_pool1,
          nicolae_swamp_hydra_murder_den
Swamp:4:  swamp_alternative, layout_basic_swamp, swamp_pool1
Spider:1: cheibrodos_forgotten_conduit
Spider:2: layout_spider_delve
Spider:3: layout_spider_delve, uniq_arachne
Spider:4: floodkiller_spider_rune_tomb, hangedman_spider_tarantella_strand
Orc:1:    layout_caves, serial_shops, uniq_nergalle
Orc:2:    kennysheep_orc_mage_school, layout_caves, hellmonk_bongcloud_opening,
          mines1_david, uniq_donald
Depths:1: layout_basic, fedhas_altar_4, grunt_hell_entry_dis_grunt,
          corexii_corridor_pit, hex_large, evilmike_ambush
          [evilmike_ambush_outer_pillars, evilmike_ambush_inner_basic],
          serial_bayou_shore_a

Skill      XL: |  1  2  3  4  5  6  7  8  9 10 11 12 13 14 15 16 17 18 19 |
---------------+----------------------------------------------------------+-----
Spellcasting   | 3 4 5 6 7 8 10 12 14 15 | 15.2
Invocations    | 2 3 5 6 7 9 13 | 13.1
Armour         | 2 |  2.0
Stealth        | 2 6 |  6.5
Fighting       | 2 4 5 8 11 14 15 | 15.5
Evocations     | 2 3 6 |  6.0
Maces & Flails | 4 5 8 11 | 11.5
Shields        | 3 4 7 |  7.4
Throwing       | 1 |  1.0
Dodging        | 5 9 10 | 10.0

Action                   |  1- 3 |  4- 6 |  7- 9 | 10-12 | 13-15 | 16-18 | 19-21 || total
-------------------------+-------+-------+-------+-------+-------+-------+-------++-------
Melee: Club              |     4 |    27 |    54 |       |       |       |       ||    85
       Quarterstaff      |       |       |    23 |       |       |       |       ||    23
       Whip              |       |       |    10 |   226 |   633 |   378 |       ||  1247
       Demon whip        |       |       |       |       |       |   128 |   203 ||   331
 Cast: Magic Dart        |    35 |       |       |       |       |       |       ||    35
       Shock             |    26 |   123 |   229 |   320 |    32 |     8 |       ||   738
       Mephitic Cloud    |       |     7 |    22 |    63 |    17 |     2 |       ||   111
       Call Imp          |       |     1 |     1 |       |     2 |     1 |       ||     5
       Static Discharge  |       |       |    26 |       |       |       |       ||    26
       Iskenderun's Myst |       |       |     1 |    12 |       |       |       ||    13
       Blink             |       |       |     1 |     3 |     5 |    12 |     4 ||    25
       Flame Wave        |       |       |       |    16 |    15 |    45 |       ||    76
       Borgnjor's Vile C |       |       |       |       |   109 |    78 |    26 ||   213
       Summon Cactus Gia |       |       |       |       |    37 |   114 |    26 ||   177
       Conjure Flame     |       |       |       |       |       |     1 |       ||     1
       Dispersal         |       |       |       |       |       |       |     2 ||     2
Invok: Banish            |       |       |       |     1 |     5 |     8 |     3 ||    17
       Bend Space        |       |       |       |       |     5 |       |       ||     5
       Corrupt           |       |       |       |       |     1 |     1 |     2 ||     4
       Brand Weapon With |       |       |       |       |       |     1 |       ||     1
       Enter the Abyss   |       |       |       |       |       |       |     1 ||     1
Evoke: Wand              |       |       |       |     7 |       |     3 |       ||    10
  Use: Potion            |       |       |     1 |       |       |     2 |     2 ||     5
       Scroll            |       |       |       |    10 |     9 |    13 |     1 ||    33
 Stab: Sleeping          |       |     1 |       |       |       |     3 |     1 ||     5
       Confused          |       |       |     3 |     7 |     5 |     1 |       ||    16
       Held in net/web   |       |       |       |       |       |     1 |     1 ||     2
       Distracted        |       |       |       |       |       |       |     2 ||     2
Armor: Robe              |     3 |     8 |       |       |       |       |       ||    11
       Leather armour    |       |       |    25 |    38 |   116 |   155 |    28 ||   362
Dodge: Dodged            |     3 |    16 |    82 |   145 |   464 |   628 |    89 ||  1427
Block: Buckler           |       |     4 |    16 |    40 |   143 |    43 |       ||   246
       Kite shield       |       |       |       |       |       |   481 |   157 ||   638

Table legend: (Time is in decaauts)
 A = Elapsed time spent in this place.
 B = Non-inter-level travel time spent in this place.
 C = Inter-level travel time spent in this place.
 D = Time resting spent in this place.
 E = Time spent auto-exploring this place.
 F = Levels seen in this place.
 G = Mean time per level.
                   A        B        C        D        E       F      G
               +--------+--------+--------+--------+--------+-----+--------+
         Total |  34766 |  32146 |   2620 |   3467 |  18114 |  36 |  965.7 |
       Dungeon |  18402 |  16893 |   1509 |   1607 |  11804 |  15 | 1226.8 |
          Lair |   5437 |   4948 |    489 |    204 |   2743 |   6 |  906.2 |
         Swamp |   3351 |   3132 |    219 |    610 |   1188 |   4 |  837.8 |
   Spider Nest |   2984 |   2763 |    221 |    418 |    660 |   4 |  746.0 |
  Orcish Mines |   1939 |   1760 |    179 |    164 |    773 |   2 |  969.5 |
        Depths |     10 |     10 |      0 |      0 |      0 |   1 |   10.0 |
         Abyss |    506 |    506 |      0 |    157 |      0 |   2 |  253.0 |
       Ossuary |   1337 |   1337 |      0 |    279 |    884 |   1 | 1337.0 |
      Gauntlet |    796 |    796 |      0 |     28 |     62 |   1 |  796.0 |
               +--------+--------+--------+--------+--------+-----+--------+

Top non-repeatable levels by time:
     D:3: 1858 daAuts
     D:7: 1795 daAuts
Spider:4: 1750 daAuts
     D:6: 1684 daAuts
     D:2: 1641 daAuts
 Swamp:3: 1583 daAuts
     D:5: 1555 daAuts
  Lair:6: 1432 daAuts
     D:4: 1381 daAuts
 Ossuary: 1337 daAuts
   Orc:2: 1334 daAuts
    D:13: 1286 daAuts
    D:11: 1281 daAuts
  Lair:4: 1270 daAuts
  Lair:2: 1175 daAuts
